Cogmind - Beta 9.1 @@@ ROGUE MODE // 2019.11.07 @ 17:44:43 Player: s0lid Result: Destroyed by as-49261 with Assembled Blade Performance ------------- Evolutions (0) 0 Regions Visited (2) 400 Robots Destroyed (14) 70 Value Destroyed (231) 231 Prototype IDs (0) 0 Alien Tech Used (0) 0 Bonus (0) 0 TOTAL SCORE: 701 Bonus ------- None Cogmind --------- Core Integrity 0/250 Matter 300/300 Energy 100/100 System Corruption 7% Temperature Cool (0) Location -10/Mines Parts ------- Power (1) Propulsion (2) Aluminum Leg Aluminum Leg Utility (2) Medium Storage Unit Targeting Computer Weapon (2) Inventory (8) Light Ion Engine Light Treads Wheel Wheel Large Storage Unit Sensor Array Light Armor Plating Medium Laser Peak State ------------ Power Ion Engine Propulsion Aluminum Leg Aluminum Leg Utility Small Storage Unit Signal Interpreter Weapon EM Pulse Gun Medium Laser Inventory Light Ion Engine Light Treads Light Treads Wheel Wheel Medium Laser [Rating: 7] Favorites ----------- Power Ion Engine Engine Ion Engine Propulsion Aluminum Leg Leg Aluminum Leg Utility Medium Storage Unit Storage Medium Storage Unit Processor Signal Interpreter Weapon EM Pulse Gun Energy Gun EM Pulse Gun Build | -11 -10 -10 ------- Run | Scr Mat Min Slots Evolved . | . . . Power . | . . . Propulsion . | . . . Utility . | . . . Weapon . | . . . Parts Attached 12 | 6 2 4 Power 2 | 1 . 1 Engine 2 | 1 . 1 Core . | . . . Reactor . | . . . Propulsion 4 | 2 . 2 Treads . | . . . Leg 4 | 2 . 2 Wheel . | . . . Hover . | . . . Flight . | . . . Utility 4 | 1 2 1 Device . | . . . Storage 2 | 1 1 . Processor 2 | . 1 1 Hackware . | . . . Protection . | . . . Artifact . | . . . Weapon 2 | 2 . . Energy Gun 2 | 2 . . Energy Cannon . | . . . Ballistic Gun . | . . . Ballistic Cannon . | . . . Launcher . | . . . Special Weapon . | . . . Impact Weapon . | . . . Slashing Weapon . | . . . Piercing Weapon . | . . . Special Melee Weapon . | . . . Unidentified Prototypes . | . . . Parts Lost 3 | . . 3 Power 1 | . . 1 Propulsion . | . . . Utility . | . . . Weapon 2 | . . 2 Highest Loss Streak 2 | . . 2 Average Slot Usage (%) 95 | . 97 94 Engine 13 | . 14 13 Leg 28 | . 28 28 Storage 14 | . 14 14 Processor 12 | . 11 14 Energy Gun 25 | . 28 23 Naked Turns . | . . . Heaviest Build 17 | 13 17 17 Greatest Support 20 | 20 20 20 Greatest Overweight (x) 2 | 2 . . Average Overweight (x) . | . . . Largest Inventory Capacity 8 | 6 8 8 Average Capacity 6 | 5 6 8 Most Carried 8 | 6 8 8 Average Carried 6 | 3 6 8 Final Capacity 8 | 6 8 8 Final Carried 8 | 6 8 8 Class Distribution -------------------- 100% | Mutant Dominant Class ---------------- Mutant | -10/Materials Mutant | -10/Mines Resources | -11 -10 -10 ----------- Run | Scr Mat Min Matter Collected 320 | 88 140 92 Remotely . | . . . Salvage Created 373 | . 191 182 Parts 25 | . 10 15 Haulers Intercepted 1 | . 1 . Recyclers Shooed . | . . . Parts Field Recycled . | . . . Retrieved Matter . | . . . Parts Self-Destructed . | . . . Prevented . | . . . Kills | -11 -10 -10 ------- Run | Scr Mat Min Combat Hostiles Destroyed 8 | . 2 6 Guns 7 | . 1 6 AOE 1 | . 1 . Classes Destroyed 8 | . 5 3 Worker 2 | . 1 1 Builder 1 | . . 1 Tunneler 1 | . 1 . Hauler 1 | . 1 . Watcher 1 | . 1 . Swarmer 3 | . . 3 Grunt 4 | . 2 2 Assembled 1 | . . 1 Best Kill Streak 3 | . 3 3 Combat Bots Only 3 | . 1 3 Max Kills in Single Turn 2 | . 2 2 Gunslinging 1 | . . 1 Exploded 1 | . 1 . Melee . | . . . Uniques/NPCs Destroyed . | . . . Combat | -11 -10 -10 -------- Run | Scr Mat Min Damage Taken 642 | . 114 528 Core 256 | . 10 246 Absorbed by Shields . | . . . Core Remaining (%) 100 | 100 . . Volleys Fired 27 | . 14 13 Largest 2 | . 2 2 Hottest 90 | . 90 90 Shots Fired 54 | . 28 26 Gun 54 | . 28 26 Cannon . | . . . Launcher . | . . . Special . | . . . Kinetic . | . . . Thermal 27 | . 14 13 Explosive . | . . . Electromagnetic 27 | . 14 13 Robot Hit Streak 5 | . 5 5 Robot Miss Streak 4 | . 4 2 Penetration Max . | . . . Secondary Targets 1 | . . 1 Max Gunslinging Chain 1 | . . 1 Shots Hit Robots 33 | . 16 17 Core Hits 22 | . 9 13 Critical Hits . | . . . Critical Kills . | . . . Critical Parts Destroyed . | . . . Melee Attacks . | . . . Impact . | . . . Slashing . | . . . Piercing . | . . . Sneak Attacks . | . . . Combat Hostiles . | . . . Follow-up Attacks . | . . . Damage Inflicted 611 | . 304 307 Guns 468 | . 237 231 Cannons . | . . . Explosions 122 | . 67 55 Melee . | . . . Ramming 21 | . . 21 Kinetic . | . . . Thermal 313 | . 169 144 Explosive . | . . . Electromagnetic 277 | . 135 142 Impact . | . . . Slashing . | . . . Piercing . | . . . Highest Corruption 7 | . 1 7 Average Corruption 1 | . 1 1 Corruption Purged . | . . . Overload Shots . | . . . Overflow Damage . | . . . Projectiles . | . . . Explosions . | . . . Melee . | . . . Knockbacks . | . . . Impact . | . . . Kinetic . | . . . Secondary . | . . . Self-Inflicted Damage 117 | . 30 87 Shots 3 | . 1 2 Rammed 1 | . . 1 Targets Rammed 4 | . . 4 Kicked 3 | . . 3 Crushed . | . . . Highest Temperature 192 | . 192 130 Average Temperature 58 | . 71 43 Received Heat Transfer 86 | . 48 38 Siege Activations . | . . . Robots Corrupted . | . . . Combat Hostiles . | . . . Parts Fried 1 | . . 1 Impact Corruptions . | . . . Robots Melted . | . . . Combat Hostiles . | . . . Parts Melted 1 | . 1 . Heat Transferred 755 | . 396 359 Parts Sabotaged . | . . . Parts Stolen . | . . . Parts Stripped . | . . . Power Chain Reactions 3 | . 1 2 Missiles Intercepted . | . . . Alert | -11 -10 -10 ------- Run | Scr Mat Min Peak Influence 184 | . 101 184 Average Influence 85 | . 48 148 Maximum Alert Level . | . . . Low Security (%) 100 | . . . Level 1 . | . . . Level 2 . | . . . Level 3 . | . . . Level 4 . | . . . Level 5 . | . . . High Security . | . . . Max Security . | . . . Squads Dispatched 1 | . 1 . Investigation . | . . . Extermination . | . . . Reinforcement 1 | . 1 . Assault . | . . . Garrison . | . . . Intercept . | . . . Construction Impeded . | . . . Haulers Reinforced . | . . . Stealth | -11 -10 -10 --------- Run | Scr Mat Min Distress Signals 1 | . 1 . Communications Jammed . | . . . Distress Signals . | . . . Times Spotted 26 | . 7 19 Peak Tracking Total 11 | . 3 11 Tactical Retreats 2 | . . 2 Traps | -11 -10 -10 ------- Run | Scr Mat Min Traps Triggered 1 | . 1 . Indirectly . | . . . Trap Hack Attempts . | . . . Triggered . | . . . Disarmed . | . . . Reprogrammed . | . . . Reused . | . . . Traps Extracted . | . . . Installed . | . . . Triggered . | . . . Machines | -11 -10 -10 ---------- Run | Scr Mat Min Machines Disabled 2 | . 1 1 Max in Single Turn 1 | . 1 1 Machines Sabotaged . | . . . Garrisons Compromised . | . . . Overloaded Fab Kills . | . . . Fab Network Shutdowns . | . . . Hacking | -11 -10 -10 --------- Run | Scr Mat Min Machines Accessed 5 | . 4 1 Terminals 5 | . 4 1 Fabricators . | . . . Repair Stations . | . . . Recycling Units . | . . . Scanalyzers . | . . . Garrison Access . | . . . Total Hacks 9 | . 8 1 Successful 7 | . 6 1 Failed 2 | . 2 . Catastrophic . | . . . Database Lockouts . | . . . Manual 4 | . 3 1 Terminals 9 | . 8 1 Fabricators . | . . . Repair Stations . | . . . Recycling Units . | . . . Scanalyzers . | . . . Garrison Access . | . . . Terminal Hacks 5 | . 4 1 Unreport Threat 1 | . 1 . Locate Traps 3 | . 3 . Zone Layout 1 | . . 1 Fabricator Hacks . | . . . Repair Station Hacks . | . . . Recycling Unit Hacks . | . . . Scanalyzer . | . . . Garrison Access Hacks . | . . . Unauthorized Hacks 4 | . 4 . Terminals 2 | . 2 . Botnet 2 | . 2 . Fabricators . | . . . Repair Stations . | . . . Recycling Units . | . . . Scanalyzers . | . . . Garrison Access . | . . . Data Cores Recovered . | . . . Used . | . . . Hacking Detections 5 | . 4 1 Full Trace Events . | . . . Feedback Events . | . . . Feedback Blocked . | . . . Robot Schematics Acquired . | . . . Robots Built . | . . . Matter . | . . . Time . | . . . Total Robot Build Rating . | . . . Part Schematics Acquired . | . . . Parts Built . | . . . Matter . | . . . Time . | . . . Total Part Build Rating . | . . . Parts Repaired . | . . . Time . | . . . Parts Recycled . | . . . Recycled Matter . | . . . Retrieved Matter . | . . . Retrieved Components . | . . . Parts Scanalyzed . | . . . Part Schematics Acquired . | . . . Parts Damaged . | . . . Bothacking | -11 -10 -10 ------------ Run | Scr Mat Min Used RIF Installer . | . . . Robots Hacked . | . . . Non-combat . | . . . Combat . | . . . Robot Hacks Applied . | . . . Relay Couplers Released . | . . . Robots Rewired . | . . . Allies Hacked . | . . . Hacks Repelled . | . . . Allies | -11 -10 -10 -------- Run | Scr Mat Min Total Allies . | . . . Largest Group . | . . . Highest-Rated Group . | . . . Highest-Rated Ally . | . . . Total Orders . | . . . Ally Attacks . | . . . Total Damage . | . . . Kills . | . . . Allies Corrupted . | . . . Allies Melted . | . . . Intel | -11 -10 -10 ------- Run | Scr Mat Min Robot Analysis Total . | . . . Derelict Logs Recovered 1 | . . 1 Drone Launches . | . . . Drone Recoveries . | . . . Exploration | -11 -10 -10 ------------- Run | Scr Mat Min Turns Passed 671 | 72 318 281 Spaces Moved 422 | 48 196 178 Core 8 | 8 . . Treads . | . . . Legs 414 | 40 196 178 Wheels . | . . . Hover . | . . . Flight . | . . . Fastest Speed 50 | 50 120 120 Average Speed 119 | 119 120 120 Slowest Speed 150 | 150 120 120 Overloaded Moves . | . . . Propulsion Burnouts . | . . . Robots Hopped . | . . . Cave-ins Triggered . | . . . Exploration Rate (%) 26 | 4 46 30 Regions Visited 2 Branch Regions 1 Pre-discovered Areas . | . . . Known Exits Taken 1 | . 1 . Unknown Exits Taken 1 | 1 . . Scrap Searched 1 | . . 1 Spaces Dug . | . . . Terrain Destroyed 17 | . 2 15 Melee . | . . . Projectile . | . . . AOE 17 | . 2 15 Actions | -11 -10 -10 --------- Run | Scr Mat Min Total 531 | 60 251 220 Wait 52 | . 35 17 Move 420 | 47 195 178 Hop . | . . . Pick Up 10 | 7 3 . Fast Attach 7 | 5 1 1 Attach 1 | 1 . . Detach 1 | . . 1 Swap 4 | . 1 3 Drop 5 | . 2 3 Fire 27 | . 14 13 Melee . | . . . Ram . | . . . Kick 4 | . . 4 Crush . | . . . Escape Stasis . | . . . Rewire . | . . . Trap . | . . . Miscellaneous . | . . . Route ------- -11/Scrapyard -10/Materials (discovered 3 exits: [*Mat] / *Min x2) -10/Mines History --------- Turn | Location | Event 15 | -11/Scrapyard | Discovered new exit (range 15) 73 | -11/Scrapyard | Entered Materials 145 | -10/Materials | Discovered new exit (range 16) 277 | -10/Materials | Discovered new exit (range 3) 311 | -10/Materials | Build established: Mutant 349 | -10/Materials | Discovered new exit (range 12) 390 | -10/Materials | Identified exit to Mines 391 | -10/Materials | Entered Mines 452 | -10/Mines | Learned 2 Materials zone layouts 607 | -10/Mines | Assembled infested the area 631 | -10/Mines | Core integrity fell below 50% 639 | -10/Mines | Core integrity fell below 20% 672 | -10/Mines | Destroyed by as-49261 with Assembled Blade Last Messages --------------- 00611_ Searching scrap... 00611_ Found 41 Matter. 00611_ Found Heat Sink. 00611_ Found Sml. Matter Pod. 00612_ Acquired 10 matter. 00618_ as-26409 destroyed. 00623_ Med. Laser destroyed. 00628_ EM Pulse Gun destroyed. 00630_ Core Extractor disabled. 00642_ Kicked as-63366 out of the way. 00646_ Core Extractor disabled. 00649_ K-01 Serf collects debris. 00650_ R-06 Scavenger destroyed. 00651_ Slammed into K-01 Serf. 00651_ Destabilizing: System corrupted (+2). 00653_ K-01 Serf system corrupted by crushing effect. 00654_ K-01 Serf system terminally corrupted. 00661_ Lgt. Ion Engine destroyed. 00661_ System corrupted by crushing effect (+4). 00667_ U-05 Engineer destroyed. Map ----- +----------------------------------------------------+ | | | | | | | | | | | | | | | | | | | | | | | | | | | | | | | ??????????????????????????????????????????? | | ??????????????????????????????????????????? | | ??????????????????????????????????????????? | | ??????????????????????????????????????????? | | ??????????????????????????????????????????? | | ??????????????????????????????????????????? | | ??????????######??????????????????????????? | | ??????????? #???????????????###????????? | | ???????????? #?????????????### #????????? | | ?????????????# #########################??# | | ?????????????# @aaaaaaaa%=a !% #?## | | ?????????????# ################# ##### #?# | | ????????????## ##???????????#### ##??# ### | | ????????????#" "#??????????????# ##??# | | ????????????#" "#??????????????#%#???##### | | ???????######" "###????????????# #???????# | | ???# #????????????#%#???????# | | ???# #????????????#!#???????# | | ???# ##############=##??????# | | ???# ## %%*%#??????# | | ???# """" """ ## """ """ " "%=#??????# | | ???# """" """ ## """ """ """!=#??????# | | ???# """" """ ## """ """ """% #??????# | | ???# ? ## #??????## | | ???#?????""" """" ## """ """ """ #???????# | | ??????????"" ???" ## """ """ """ #???????? | | ??????????""????? ## """ "" """ #???????? | | ????????????????? ## #???????? | | ??????????????????## #???????? | | ???????????????????# #???????# | | ???????????????????# ! #??????? | | ???????????????????######## %######??????? | | ??????????????????????????# !#???????????? | | ??????????????????????????# #????????????? | | ??????????????????????????# #????????????? | +----------------------------------------------------+ Best States ------------- Heat Dissipation 25 Energy Generation 10 Energy Capacity 250 Matter Stores 300 Matter Capacity 300 Sight Range 16 Terrain Scan Density 10 Evasion (%) 40 Targeting Accuracy 5 Item Schematics ----------------- None Robot Schematics ------------------ None Fabricated ------------ Nothing Alien Tech Used ----------------- None Achievements -------------- None Challenges ------------ None Game ------ Seed TacticalMyomerMachine Manual? 0 Play Time 00:10:56 Cumulative 66.2 hours Start 2019.11.07 @ 17:36:21 End 2019.11.07 @ 17:44:43 Sessions 1 Manual Loads 0 Difficulty Rogue Special Mode None Game No. 66 Rogue 66 Adventurer 0 Explorer 0 Win Type - Total 0 Types 0/0/0/0/0/0/0 Lore% 23 Gallery% 44 Achievement% 21 Wizard Run 0 Options --------- ASCII 0 Keyboard 1 Movement Vi Keybinds 0 Fullscreen 2 Font 32/Smallcaps Map View 76x50 Tactical HUD 1 Map Filters NONE Filters NONE Steam X RUN: dac349fb-50c8-46ed-8038-04eadd1961d8